 Dungeon Crawl Stone Soup version 0.31-a0-175-g9f7f995f2b (webtiles) character file.

Game seed: 1842136927186386393

941 Moral the Cutter (level 8, -7/50 HPs)
             Began as a Kobold Berserker on June 17, 2023.
             Was a Priest of Trog.
             Mangled by an orc warrior
             ... wielding a +2 glaive of protection
              (10 damage)
             ... on level 6 of the Dungeon on June 18, 2023.
             The game lasted 00:10:43 (5532 turns).

Moral the Cutter (Kobold Berserker)                 Turns: 5532, Time: 00:10:43

Health: -7/50      AC:  2    Str: 14    XL:     8   Next: 34%
Magic:  8/8        EV: 17    Int:  9    God:    Trog [***...]
Gold:   313        SH:  0    Dex: 16    Spells: 7/7 levels left

rFire   + . .        u - +0 short sword (vamp)
rCold   . . .        (no shield)
rNeg    . . .        b - +0 animal skin
rPois   .            (no helmet)
rElec   .            (no cloak)
rCorr   .            (no gloves)
SInv    .            (no boots)
Will    .....        (no amulet)
Stlth   ++++         f - ring of protection from fire
HPRegen 0.28/turn    (no ring)
MPRegen 0.11/turn

%: no passive effects
@: on berserk cooldown, slowed, very slow
A: small, no large weapons, nightstalker 3
a: Renounce Religion, Berserk, Trog's Hand


You were on level 6 of the Dungeon.
You worshipped Trog.
Trog was most pleased with you.
You visited 1 branch of the dungeon, and saw 6 of its levels.
You also visited: Sewer.

You collected 313 gold pieces.

Inventory:

Hand Weapons
 u - a +0 vampiric short sword (weapon)
Armour
 b - a +0 animal skin (worn)
Jewellery
 f - a ring of protection from fire (left hand)
 w - a +6 ring of dexterity
Wands
 d - a wand of polymorph (11)
 q - a wand of iceblast (9)
 y - a wand of flame (28)
Scrolls
 g - a scroll of fog
 h - a scroll of fear
 j - 2 scrolls of immolation
 m - a scroll of revelation
 n - a scroll of teleportation {unknown}
 p - a scroll of amnesia {unknown}
 s - a scroll of identify
 x - a scroll of poison {unknown}
 A - a scroll of enchant armour {unknown}
Potions
 a - a potion of might {unknown}
 c - 3 potions of lignification {unknown}
 e - 2 potions of cancellation {unknown}
 i - 5 potions of heal wounds {unknown}
 k - a potion of haste {unknown}
 l - a potion of curing {unknown}
 o - a potion of mutation {unknown}
 r - 2 potions of enlightenment {unknown}
 t - a potion of resistance {unknown}
 v - 2 potions of magic {unknown}
 z - a potion of degeneration {unknown}


   Skills:
 + Level 5.6 Fighting
 + Level 6.8 Short Blades
 - Level 1.5 Armour
 + Level 5.5 Dodging
 + Level 5.7 Stealth
 + Level 3.8 Evocations


You had 7 spell levels left.
You didn't know any spells.
Your spell library contained the following spells:

 Spells                   Type           Power      Damage    Failure   Level
 Cause Fear               Hex            0%         N/A       99%         4
 Dragon Form              Tmut           0%         N/A       100%        7
 Dragon's Call            Summ           0%         N/A       100%        9


Dungeon Overview and Level Annotations

Branches:
Dungeon (6/15)             Temple (0/1) D:5           Sewer (visited)

Altars:
Fedhas
Uskayaw
Xom

Shops:
D:4 :


Innate Abilities, Weirdness & Mutations

You are small and have problems with some larger weapons.
You are completely attuned to the shadows.


Message History

The orc warrior hits you with a +2 glaive of protection!
You hit the orc warrior but do no damage.
The orc warrior is almost dead.
You hit the orc warrior but do no damage.
The orc warrior is almost dead.
The orc warrior barely misses you.
You hit the orc warrior but do no damage.
The orc warrior is almost dead.
You hit the orc warrior but do no damage.
The orc warrior is almost dead.
The orc warrior completely misses you.
You hit the orc warrior but do no damage.
The orc warrior is almost dead.
You hit the orc warrior.
The orc warrior is almost dead.
You are no longer berserk.
You are exhausted.
You feel yourself slow down.
The orc warrior hits you with a +2 glaive of protection!!
* * * LOW HITPOINT WARNING * * *
You hit the orc warrior but do no damage.
The orc warrior is almost dead.
The orc warrior completely misses you.
You barely miss the orc warrior.
The orc warrior is almost dead.
The orc warrior closely misses you.
You barely miss the orc warrior.
The orc warrior is almost dead.
The orc warrior closely misses you.
You barely miss the orc warrior.
The orc warrior is almost dead.
You hit the orc warrior but do no damage.
The orc warrior is almost dead.
The orc warrior misses you. x2
You closely miss the orc warrior.
The orc warrior is almost dead.
You closely miss the orc warrior.
The orc warrior is almost dead.
The orc warrior hits you with a +2 glaive of protection!
You die...

#+# ###.## .#
###.##### ....##
#.......# ......##
#...###.#
........####.:.###.#
........'.......##.#
....)...####...###.#
....o..## #..## #.#
#...@.## #.#####.#
##...## #.......#
##+## #.####### #.#
#.# #.# #.#


You could see an orc warrior.

Vanquished Creatures
  2 black bears (D:6)
  A centaur (D:6)
  A kobold brigand (Sewer)
  A bullfrog (D:6)
  2 scorpions
  A howler monkey (D:4)
  3 hounds
  2 orc priests (D:6)
  Ijyb (D:3)
  3 orc wizards (D:5)
  Natasha (D:4)
  2 adders
  A white imp (D:6)
  2 worms (D:4)
  2 dart slugs
  7 orcs (D:5)
  10 ball pythons
  3 endoplasms
  8 giant cockroaches
  2 goblins (D:1)
  4 hobgoblins
  19 kobolds
  A quokka (D:2)
  12 bats
  6 frilled lizards
  6 rats
103 creatures vanquished.

Notes
Turn   | Place    | Note
-------+----------+-------------------------------------------
     0 | D:1      | Moral the Kobold Berserker began the quest for the Orb.
     0 | D:1      | Reached XP level 1. HP: 14/14 MP: 1/1
   264 | D:1      | Reached skill level 1 in Stealth
   264 | D:1      | Reached XP level 2. HP: 19/19 MP: 2/2
   755 | D:1      | Reached XP level 3. HP: 23/23 MP: 3/3
  1225 | D:2      | Reached ** piety under Trog
  1542 | D:2      | Reached XP level 4. HP: 8/29 MP: 4/4
  2176 | D:3      | Noticed Ijyb
  2199 | D:3      | Killed Ijyb
  2339 | D:3      | Reached XP level 5. HP: 33/33 MP: 5/5
  2756 | D:3      | Found a blossoming altar of Fedhas.
  3091 | D:4      | Reached skill level 5 in Short Blades
  3230 | D:4      | Found a shimmering altar of Xom.
  3265 | D:4      | Found a glowing drain.
  3278 | Sewer    | Entered a sewer
  3620 | Sewer    | Noticed a kobold brigand
  3635 | Sewer    | Killed a kobold brigand
  3636 | Sewer    | Reached skill level 1 in Evocations
  3636 | Sewer    | Reached XP level 6. HP: 39/39 MP: 6/6
  4026 | D:4      | Noticed Natasha
  4039 | D:4      | Killed Natasha
  4039 | D:4      | Reached *** piety under Trog
  4471 | D:4      | Found Hetil's Book Emporium.
  4554 | D:5      | Entered Level 5 of the Dungeon
  4561 | D:5      | Found a staircase to the Ecumenical Temple.
  4587 | D:5      | Reached XP level 7. HP: 44/44 MP: 7/7
  4924 | D:5      | Reached skill level 6 in Short Blades
  4958 | D:5      | Found a hide-covered altar of Uskayaw.
  5028 | D:5      | You fall into a shaft and drop 1 floor!
  5035 | D:6      | Reached skill level 5 in Fighting
  5122 | D:6      | Reached skill level 5 in Stealth
  5199 | D:6      | Reached skill level 5 in Dodging
  5298 | D:6      | Reached XP level 8. HP: 49/49 MP: 8/8
  5525 | D:6      | HP: 1/50 [orc warrior/+2 glaive of protection (20)]
  5532 | D:6      | Mangled by an orc warrior

Illustrated notes

Levels and vault maps discovered:
D:1:      dpeg_arrival_oval, layout_basic
D:2:      layout_basic
D:3:      layout_rooms, fedhas_altar_4, uniq_ijyb
D:4:      layout_loops_corners, kennysheep_mini, cheibrodos_sewer_entry_bend,
          serial_shops, nicolae_shop_behind_doors, uniq_natasha
D:5:      layout_rooms, nicolae_uskayaw_suspiria, lemuel_doored_altar,
          minmay_temple_entry_water_ring
D:6:      layout_loops_corners

Skill      XL: |  1  2  3  4  5  6  7 |
---------------+----------------------+-----
Stealth        | 1 2 3 4 5 |  5.7
Dodging        | 3 4 5 |  5.5
Fighting       | 4 5 |  5.6
Short Blades   | 5 6 |  6.8
Evocations     | 1 2 3 |  3.8
Armour         | |  1.5

Action                     |  1- 3 |  4- 6 |  7- 9 || total
---------------------------+-------+-------+-------++-------
  Melee: Short sword       |   124 |   209 |   102 ||   435
         Punch             |     1 |     4 |     2 ||     7
 Invoke: Berserk           |     1 |     6 |     2 ||     9
    Use: Scroll            |       |     4 |       ||     4
   Stab: Sleeping          |    13 |    20 |     6 ||    39
 Armour: Animal skin       |    12 |    32 |     9 ||    53
  Dodge: Dodged            |    76 |   142 |    62 ||   280

Table legend: (Time is in decaauts)
 A = Elapsed time spent in this place.
 B = Non-inter-level travel time spent in this place.
 C = Inter-level travel time spent in this place.
 D = Time resting spent in this place.
 E = Time spent auto-exploring this place.
 F = Levels seen in this place.
 G = Mean time per level.
                   A        B        C        D        E       F      G
               +--------+--------+--------+--------+--------+-----+--------+
         Total |   5513 |   5476 |     37 |    851 |   3675 |   7 |  787.6 |
       Dungeon |   5066 |   5029 |     37 |    801 |   3498 |   6 |  844.3 |
         Sewer |    446 |    446 |      0 |     49 |    177 |   1 |  446.0 |
               +--------+--------+--------+--------+--------+-----+--------+

Top non-repeatable levels by time:
     D:4: 1153 daAuts
     D:1: 1111 daAuts
     D:2: 998 daAuts
     D:3: 845 daAuts
     D:6: 484 daAuts
     D:5: 473 daAuts
   Sewer: 446 daAuts
